 Dungeon Crawl Stone Soup version 0.29.0-7-g18a832c13a (webtiles) character file.

Game seed: 16521716427489935778

96 SensoryNuts the Slasher (level 4, -1/40 HPs)
             Began as a Minotaur Fighter on Aug 31, 2022.
             Killed by divine providence
             ... invoked by an orc priest
              (12 damage)
             ... on level 3 of the Dungeon.
             The game lasted 00:01:38 (2501 turns).

SensoryNuts the Slasher (Minotaur Fighter)          Turns: 2501, Time: 00:01:39

Health: -1/40      AC:  7    Str: 20    XL:     4   Next: 41%
Magic:  3/3        EV:  9    Int:  5    God:
Gold:   185        SH:  6    Dex: 12    Spells: 3/3 levels left

rFire   . . .      SeeInvis .   a - +0 long sword
rCold   . . .      Faith    .   c - +1 buckler
rNeg    . . .      Spirit   .   b - +0 scale mail
rPois   .          Reflect  .   (helmet restricted)
rElec   .          Harm     .   (no cloak)
rCorr   .          Rampage  .   (no gloves)
Will    .....                   (no boots)
Stlth   ..........              (no amulet)
HPRegen 0.13/turn               (no ring)
MPRegen 0.08/turn               (no ring)

@: no status effects
A: horns 2, retaliatory headbutt
a: no special abilities


You were on level 3 of the Dungeon.
You visited 1 branch of the dungeon, and saw 3 of its levels.

You collected 185 gold pieces.

Inventory:

Hand Weapons
 a - a +0 long sword (weapon)
Armour
 b - a +0 scale mail (worn)
 c - a +1 buckler (worn)
Jewellery
 f - a ring of magical power
 g - a ring of magical power
Scrolls
 h - a scroll of identify
Potions
 d - a potion of might
 e - 3 potions of curing
 k - a potion of resistance


   Skills:
 + Level 4.1 Fighting
 * Level 4.5 Long Blades
 + Level 4.0 Armour
 + Level 0.4 Dodging
 + Level 4.1 Shields


You had 3 spell levels left.
You didn't know any spells.
Your spell library contained the following spells:

 Spells                   Type           Power      Damage    Failure   Level
 Shock                    Conj/Air       0%         1d3       89%         1
 Portal Projectile        Hex/Tloc       0%         N/A       99%         3
 Tukima's Dance           Hex            0%         N/A       99%         3
 Blade Hands              Tmut           0%         N/A       100%        5
 Summon Forest            Summ/Tloc      0%         N/A       100%        5
 Summon Mana Viper        Hex/Summ       0%         N/A       100%        5
 Summon Cactus Giant      Summ           0%         N/A       100%        6


Dungeon Overview and Level Annotations

Branches:
Dungeon (3/15)

Altars:


Innate Abilities, Weirdness & Mutations

You have a pair of horns on your head.
You reflexively headbutt those who attack you in melee.


Message History

You headbutt the hobgoblin, but do no damage.
You slash the hobgoblin!
You kill the hobgoblin!
No target in view!
No target in view!
No target in view!
No target in view!
An orc comes into view. It is wielding a +0 trident.
An orc is nearby!
The orc barely misses you.
An orc wizard comes into view. It is wielding a +1 dagger of speed.
You see here a scroll labelled FICLER DYUN.
You hit the orc.
The orc is almost dead.
You hit the orc.
You kill the orc!
An orc priest comes into view. It is wielding a +0 club.
The orc wizard hits you with a +1 dagger of speed.
The orc wizard gestures wildly while chanting.
The orc wizard flickers and vanishes!
Deactivating autopickup; reactivate with Ctrl-A.
You closely miss something.
The orc priest shouts!
You hear a shout! x2
Something hits you but does no damage.
An orc comes into view. It is wielding a +0 short sword.
The orc priest mumbles some strange prayers to Beogh against you.
Beogh smites you!
You hear some strange, mumbled words.
Something tries to affect you, but you resist.
You swing at nothing.
You barely miss something. Something hits you but does no damage.
Something hits you.
You hit something but do no damage.
You hear some strange, mumbled words.
A magic dart appears from out of thin air!
The magic dart hits you!
* * * LOW HITPOINT WARNING * * *
The orc priest calls down the wrath of Beogh upon you.
Beogh smites you!
You die...

#...###' #...
#....... #.
#...... #. #.....
## .###.
##...###.... .....
#o..o.......
....... #o# #.#
#.####. #{# #.#
#...... #@# #.#
#.#.##. #†# #.#
#.#.##. #.#
#.######.#.##. #.#
#.#........... #.#
#.#.#.#.......
#.###.....).#####.
#(......##..# #.
######.#....# #.
##..#..# #.


You could see an orc priest and an orc.

Vanquished Creatures
  4 adders
  An orc (D:3)
  4 endoplasms
  2 giant cockroaches
  7 hobgoblins
  5 jackals
  6 kobolds
  2 quokkas (D:1)
  7 ball pythons
  2 bats
  4 frilled lizards (D:1)
  8 goblins
  5 rats
57 creatures vanquished.

Vanquished Creatures (others)
  A fungus (D:1)
1 creature vanquished.

Grand Total: 58 creatures vanquished

Notes
Turn   | Place    | Note
-------+----------+-------------------------------------------
     0 | D:1      | SensoryNuts the Minotaur Fighter began the quest for the
                  | Orb.
     0 | D:1      | Reached XP level 1. HP: 19/19 MP: 0/0
   113 | D:1      | Found a faded altar of an unknown god.
   121 | D:1      | Got Plato's Monograph on the Storm
   283 | D:1      | Reached XP level 2. HP: 26/27 MP: 1/1
   965 | D:2      | Reached XP level 3. HP: 27/33 MP: 2/2
  1866 | D:2      | Reached XP level 4. HP: 40/40 MP: 3/3
  2501 | D:3      | Killed from afar by an orc priest

Illustrated notes

Levels and vault maps discovered:
D:1:      dpeg_arrival_stone_temple_mockup, layout_basic,
          shapermc_ecumenical_altar_rom_forum
D:2:      layout_basic
D:3:      layout_loops_ring, lemuel_doored_altar, mainiacjoe_overflow_24_doors,
          gammafunk_temple_overflow_claw, st_stairs_8,
          small_statue_intersection, minmay_diced_spiral

Skill      XL: |  1  2  3 |
---------------+----------+-----
Shields        | 4 |  4.1
Long Blades    | 3 4 |  4.5
Fighting       | 4 |  4.1
Armour         | 4 |  4.0
Dodging        | |  0.4

Action                   |  1- 3 |  4- 6 || total
-------------------------+-------+-------++-------
Melee: Long sword        |   101 |    35 ||   136
       Headbutt          |     5 |     3 ||     8
  Use: Scroll            |       |     7 ||     7
Armor: Scale mail        |    55 |    17 ||    72
Dodge: Dodged            |    42 |    17 ||    59
Block: Buckler           |    23 |     8 ||    31
